Map: Dusk Towers

Players

Miszu

  • Race: Terran Terran
  • League: Master

Silence - Winner!

  • Race: Zerg Zerg
  • League: Master

VOD

Have the link to the VOD?

Description

Time

  • Played on: April 30, 2016, 5:44 p.m.
  • Length: 18:15
Show
View Real Time Build Order
Export as new Build Order

Miszu Terran 

Build Orders: Liberator Opening, Reaper Expand, MMM Bio 

Get SALT Encoding   

  12  0:00  SCV  
  13  0:13  SCV  
  14  0:19  Supply Depot  
  14  0:25  SCV  
  15  0:41  SCV  
  16  0:44  Barracks  
  16  0:47  Refinery  
  16  0:53  SCV  
  17  1:05  SCV  
  18  1:17  SCV  
  19  1:31  Reaper  
  19  1:32  Orbital Command  
  20  1:40  Command Center  
  20  1:51  Supply Depot  
  20  1:57  SCV  
  21  2:03  Marine  
  22  2:09  SCV  
  22  2:14  Factory  
  23  2:21  SCV  
  24  2:26  Barracks Reactor  
  24  2:34  SCV  
  25  2:42  Command Center  
  24  2:45  Refinery  
  24  2:46  SCV  
  25  2:53  Orbital Command  
  25  2:58  SCV  
  26  3:07  Starport  
  26  3:12  SCV  
  27  3:13  Factory Tech Lab  
  27  3:14  Marine x2  
  27  3:19  SCV  
  30  3:24  SCV  
  31  3:28  Liberator  
  31  3:31  Marine, SCV  
  33  3:36  SCV  
  33  3:38  Marine  
  35  3:43  SCV  
  35  3:48  SCV  
  40  3:53  Orbital Command  
  40  3:55  Marine, SCV  
  41  3:56  Marine  
  41  4:00  SCV  
  44  4:02  Barracks  
  44  4:03  Barracks  
  44  4:09  SCV  
  45  4:12  Siege Tank  
  45  4:13  Marine, Liberator  
  45  4:14  Marine  
  50  4:18  Refinery  
  50  4:19  SCV  
  50  4:20  Refinery  
  51  4:24  SCV  
  55  4:31  SCV  
  55  4:36  SCV  
  57  4:43  Engineering Bay, SCV  
  58  4:46  Engineering Bay  
  58  4:48  SCV  
  58  4:51  Barracks Tech Lab  
  58  4:52  Barracks Tech Lab  
  59  4:55  Supply Depot  
  59  4:56  Supply Depot, SCV  
  60  5:00  SCV  
  61  5:10  Terran Infantry Weapons Level 1  
  61  5:11  Barracks  
  61  5:12  Terran Infantry Armor Level 1, Orbital Command  
  61  5:13  Barracks  
  61  5:15  Stimpack  
  61  5:16  SCV x2  
  61  5:21  Starport Reactor  
  63  5:24  Marine x4, Orbital Command  
  64  5:29  SCV x2  
  64  5:33  Siege Tank  
  69  5:38  Combat Shields  
  69  5:41  Marine, SCV x2  
  72  5:43  Marauder  
  72  5:45  Supply Depot  
  72  5:47  Supply Depot  
  72  5:48  Marine  
  72  5:49  SCV  
  76  5:53  SCV, Armory  
  77  6:01  Barracks Reactor x2  
  77  6:07  SCV x3  
  77  6:11  Supply Depot, Medivac  
  82  6:14  Supply Depot  
  82  6:17  Supply Depot  
  82  6:19  SCV x3  
  82  6:21  Marine x3  
  82  6:24  Missile Turret  
  88  6:26  Armory  
  88  6:31  SCV x2, Missile Turret  
  90  6:33  SCV, Missile Turret  
  90  6:38  Marine x2  
  93  6:43  SCV  
  93  6:46  Marine x6  
  99  6:50  Supply Depot  
  99  6:53  Medivac x2  
  104  6:54  SCV  
  104  6:56  Marine x2  
  104  7:01  Barracks  
  107  7:08  Barracks  
  107  7:09  Starport, Barracks  
  107  7:11  Refinery  
  107  7:12  Refinery  
  107  7:15  Terran Infantry Armor Level 2  
  107  7:16  Terran Infantry Weapons Level 2  
  107  7:17  Marine  
  107  7:21  SCV x2  
  107  7:22  SCV  
  111  7:27  Factory Reactor  
  111  7:30  Liberator x2  
  111  7:32  Supply Depot  
  111  7:33  SCV x2  
  111  7:34  Supply Depot  
  111  7:35  SCV  
  102  7:37  Marine x3  
  102  7:38  Marine x5  
  110  7:45  SCV x2  
  110  7:48  Starport Reactor  
  110  7:50  SCV  
  119  7:58  Marauder x2  
  123  7:59  Barracks Tech Lab  
  123  8:00  Barracks Tech Lab x2  
  123  8:03  Supply Depot  
  123  8:11  Liberator x2  
  123  8:14  Widow Mine  
  123  8:15  Marine, Liberator  
  123  8:16  Marine x5  
  123  8:19  Marine, Marauder  
  134  8:20  Marauder  
  134  8:21  Marauder, Concussive Shells  
  134  8:24  Marauder  
  134  8:25  Supply Depot x2  
  149  8:47  Supply Depot, Marauder x3  
  155  8:48  Supply Depot  
  155  8:50  Supply Depot  
  155  8:54  Liberator x2  
  149  9:05  Marine  
  149  9:06  Marauder x2  
  154  9:14  Supply Depot  
  160  9:18  Medivac  
  160  9:19  Medivac  
  161  9:27  Marine x5, Marauder x2  
  151  9:33  Marine  
  151  9:34  Marine x3  
  155  9:40  Widow Mine x2  
  155  9:45  Marine x5  
  160  9:46  Command Center  
  160  9:48  Marine x2, Medivac, Liberator x3  
  160  9:51  Marine x4  
  131  10:03  Marine x5, Liberator  
  131  10:06  Marine x2  
  128  10:09  Marine x4  
  129  10:15  Widow Mine x2  
  129  10:20  Marine  
  129  10:21  Marine x3  
  137  10:24  Marauder x2  
  137  10:28  Marauder x2  
  148  10:40  Marauder  
  150  10:46  Marauder x2  
  150  10:47  Terran Infantry Weapons Level 3  
  150  10:49  Marauder  
  158  10:50  Terran Infantry Armor Level 3  
  158  10:56  Missile Turret  
  156  11:02  Marauder x2  
  156  11:03  Marine x2  
  162  11:07  Marauder x2  
  162  11:09  Planetary Fortress  
  162  11:10  Marauder  
  168  11:12  Refinery x2  
  168  11:16  Marine x4  
  146  11:20  Marine  
  146  11:21  Marine  
  146  11:23  Marauder  
  150  11:28  Marine  
  150  11:29  Marine x2, Liberator x3  
  150  11:31  Marine  
  154  11:34  Marine x4  
  154  11:38  Marine  
  154  11:39  Marine  
  163  11:53  Ghost Academy  
  163  11:57  Marine  
  163  11:58  Marine x5, Widow Mine x2  
  173  12:06  Medivac  
  169  12:23  Command Center  
  169  12:27  Widow Mine, Ghost x2  
  169  12:29  Medivac x2  
  177  12:31  Ghost  
  112  13:06  Marine  
  112  13:07  Marine x2  
  112  13:17  Command Center, Liberator  
  112  13:19  Ghost x5  
  116  13:21  Orbital Command  
  125  13:47  SCV x3, Ghost  
  130  13:59  SCV x2, Ghost  
  130  14:02  SCV  
  135  14:07  Liberator x3  
  135  14:11  SCV x2  
  135  14:12  Sensor Tower  
  135  14:14  SCV  
  138  14:23  SCV x2  
  140  14:26  SCV  
  140  14:31  Marine, Marauder  
  152  14:32  Marine  
  152  14:35  SCV x2  
  156  14:39  SCV  
  145  14:47  SCV  
  145  14:48  SCV  
  145  14:50  Liberator  
  145  14:51  SCV  
  138  14:59  SCV  
  132  15:02  SCV  
  132  15:03  SCV  
  134  15:07  Missile Turret  
  134  15:11  SCV  
  134  15:13  Ghost  
  138  15:14  SCV  
  138  15:15  SCV  
  142  15:23  SCV  
  142  15:26  SCV  
  142  15:27  SCV  
  113  15:36  Ghost  
  113  15:39  SCV x2  
  115  15:51  SCV x2  
  115  15:56  Ghost x2  
  115  16:03  SCV x2  
  117  16:16  Refinery  
  117  16:22  Orbital Command  
  117  16:27  Ghost  
  117  16:32  Liberator  
  119  16:34  Liberator, Ghost  
  119  16:35  Ghost  
  119  16:39  Ghost  
  125  16:47  Ghost  
  133  16:57  Ghost  
  133  16:59  Liberator  
  135  17:02  Ghost  
  135  17:04  Ghost  
  139  17:13  Ghost  
  141  17:15  Ghost  
  146  17:25  Ghost  
  148  17:30  Marine  
  148  17:31  Ghost  
  148  17:33  Marine  
Show
View Real Time Build Order
Export as new Build Order

Silence Zerg - Winner!

Build Orders: Hatch First, Muta Ling Bane 

Get SALT Encoding   

  12  0:01  Drone  
  13  0:08  Drone  
  14  0:17  Overlord  
  14  0:22  Extractor  
  14  0:23  Drone  
  15  0:36  Drone x2  
  17  0:47  Drone  
  18  0:57  Drone, Hatchery  
  17  1:03  Extractor  
  17  1:13  Spawning Pool  
  17  1:15  Drone  
  17  1:19  Drone  
  18  1:29  Drone  
  19  1:40  Overlord  
  19  1:50  Drone  
  20  2:00  Queen  
  23  2:01  Zergling x2  
  23  2:04  Metabolic Boost  
  23  2:08  Queen  
  23  2:09  Drone  
  23  2:11  Zergling x2  
  27  2:19  Drone  
  27  2:22  Drone  
  29  2:31  Overlord  
  29  2:36  Queen  
  31  2:44  Queen  
  31  2:45  Drone  
  34  2:55  Drone x4  
  38  3:08  Drone x2  
  40  3:13  Lair  
  40  3:14  Drone x2  
  40  3:15  Drone  
  43  3:20  Extractor  
  43  3:22  Drone x2  
  43  3:26  Burrow  
  44  3:38  Hatchery  
  43  3:44  Overlord  
  43  3:48  Extractor x2, Drone  
  42  3:49  Drone  
  43  4:00  Drone  
  44  4:05  Drone  
  44  4:06  Drone x6  
  51  4:16  Spire  
  50  4:19  Baneling Nest  
  49  4:26  Drone x3  
  52  4:36  Overlord  
  52  4:39  Overlord  
  52  4:47  Overlord  
  52  4:59  Drone  
  53  5:00  Drone  
  53  5:02  Zergling x4  
  53  5:04  Baneling x2  
  56  5:13  Spore Crawler  
  49  5:14  Spore Crawler  
  49  5:18  Drone x10  
  58  5:33  Drone  
  58  5:34  Drone x8  
  67  5:39  Baneling x2  
  67  5:48  Mutalisk x4  
  75  5:50  Mutalisk  
  75  5:53  Mutalisk  
  79  6:03  Drone  
  80  6:05  Mutalisk  
  82  6:12  Overlord x3  
  82  6:13  Centrifical Hooks  
  82  6:14  Zerg Flyer Weapons Level 1  
  82  6:18  Evolution Chamber  
  81  6:20  Evolution Chamber  
  80  6:25  Overlord  
  80  6:26  Mutalisk  
  80  6:29  Extractor x2  
  80  6:30  Mutalisk x2  
  86  6:33  Drone x2  
  86  6:35  Drone  
  89  6:45  Drone x9  
  96  6:52  Drone x3  
  96  6:53  Drone  
  100  7:07  Zerg Melee Weapons Level 1, Zerg Ground Armor Level 1  
  100  7:08  Infestation Pit  
  99  7:12  Overlord  
  99  7:14  Drone x2, Spore Crawler, Hatchery  
  99  7:16  Spore Crawler  
  99  7:19  Overlord  
  99  7:21  Overlord x2  
  97  7:43  Zergling x26  
  97  7:44  Zergling x4  
  112  7:48  Zergling x2  
  112  7:52  Baneling x2  
  112  7:54  Mutalisk x3  
  118  7:58  Zergling x2  
  118  7:59  Zergling x4  
  118  8:01  Hive  
  118  8:03  Baneling x11  
  118  8:05  Mutalisk  
  121  8:08  Zerg Flyer Weapons Level 2  
  121  8:12  Zergling x4  
  125  8:14  Baneling x6  
  125  8:20  Zergling x8  
  125  8:21  Zergling x6  
  125  8:23  Baneling x4  
  125  8:24  Baneling  
  132  8:33  Overlord  
  132  8:35  Zergling x2  
  133  8:43  Drone x8  
  141  9:02  Zerg Ground Armor Level 2, Zerg Melee Weapons Level 2  
  141  9:06  Drone x4  
  141  9:07  Drone x3  
  141  9:08  Extractor x2, Drone x4  
  150  9:18  Mutalisk  
  150  9:19  Mutalisk x4  
  160  9:30  Zergling x2  
  160  9:32  Overlord  
  160  9:33  Overlord x2  
  160  9:37  Ultralisk Cavern, Adrenal Glands  
  122  10:08  Zergling x2  
  122  10:09  Zergling x24  
  133  10:14  Baneling x2  
  133  10:22  Zergling x2  
  133  10:23  Zergling x14  
  133  10:24  Chitinous Plating  
  133  10:26  Baneling x3  
  133  10:27  Hatchery  
  132  10:37  Ultralisk x4  
  132  10:39  Baneling x4  
  156  10:46  Ultralisk  
  162  11:00  Ultralisk  
  162  11:01  Extractor, Zergling x2  
  162  11:02  Zergling x26  
  181  11:05  Extractor  
  181  11:09  Overlord  
  180  11:15  Baneling  
  180  11:16  Zergling x10, Baneling x8  
  184  11:23  Overlord  
  184  11:24  Overlord x2  
  184  11:25  Overseer  
  184  11:26  Zerg Melee Weapons Level 3  
  184  11:28  Baneling x6  
  184  11:30  Drone x2  
  184  11:31  Drone  
  183  11:45  Baneling  
  183  11:46  Baneling  
  168  11:49  Overseer  
  168  11:52  Ultralisk x3  
  183  12:24  Mutalisk x3  
  183  12:25  Mutalisk x5  
  199  12:31  Baneling  
  199  12:32  Baneling x5  
  131  13:01  Mutalisk  
  131  13:02  Mutalisk x8  
  125  13:12  Mutalisk x3  
  127  13:14  Zergling x6  
  127  13:15  Zergling x32  
  150  13:22  Zerg Flyer Armor Level 1  
  150  13:30  Mutalisk x3  
  150  13:32  Zergling x4  
  150  13:33  Zergling x2  
  159  13:35  Extractor  
  159  13:38  Hatchery  
  159  13:41  Mutalisk x3  
  157  13:42  Extractor, Mutalisk  
  157  13:45  Zergling x2  
  165  13:50  Queen  
  167  13:57  Drone x3  
  167  13:58  Drone x3  
  167  14:00  Drone x3  
  167  14:01  Drone x2  
  167  14:02  Drone  
  179  14:06  Ultralisk x2  
  179  14:07  Baneling x2  
  179  14:08  Baneling x4  
  179  14:09  Extractor, Zergling x16, Hatchery  
  197  14:12  Extractor  
  196  14:22  Spore Crawler  
  195  14:25  Spore Crawler  
  195  14:28  Zergling x2  
  195  14:29  Zergling x10  
  200  14:34  Zerg Ground Armor Level 3  
  197  14:52  Ultralisk  
  181  14:59  Ultralisk  
  197  15:00  Ultralisk x4  
  197  15:01  Zergling x2  
  197  15:02  Zergling x8  
  193  15:24  Zergling x6  
  193  15:25  Zergling x6  
  171  15:39  Zergling x2  
  171  15:40  Zergling x36  
  159  15:53  Corruptor x7  
  173  16:02  Pathogen Glands  
  173  16:07  Baneling x8  
  173  16:08  Baneling  
  173  16:33  Overseer x2  
  173  16:34  Overseer  
  173  16:45  Infestor x6  
  173  16:46  Infestor x2  
  189  16:48  Ultralisk  
  189  16:49  Spore Crawler  
  189  16:50  Spore Crawler  
  189  16:52  Zergling x12  
  199  17:00  Baneling  
  199  17:01  Baneling x3  
  199  17:12  Baneling  
  199  17:13  Baneling x7  
  199  17:32  Drone  
  199  17:33  Hydralisk Den  
  181  17:52  Zergling x2  
  181  17:53  Zergling x38  
Tags
 
Add a new tag
Caveats
  • Supply blocks, unpowered buildings, or Contaminate may cause inaccurate times.
  • Supply counts are checked every 10 seconds.